 Dungeon Crawl Stone Soup version 0.31-a0-234-gad7ace16ef (webtiles) character file.

Game seed: 3690963408475375613

902 qw the Skirmisher (level 8, -1/48 HPs)
             Began as a Gargoyle Hexslinger on July 9, 2023.
             Killed by divine providence
             ... invoked by an orc priest
              (15 damage)
             ... on level 7 of the Dungeon.
             The game lasted 00:01:24 (3614 turns).

qw the Skirmisher (Gargoyle Hexslinger)             Turns: 3614, Time: 00:01:24

Health: -1/48      AC: 10    Str: 12    XL:     8   Next: 7%
Magic:  9/9        EV: 10    Int: 14    God:
Gold:   275        SH:  0    Dex: 14    Spells: 8/9 levels left

rFire   . . .        m - +3 sling (heavy)
rCold   + . .        (no shield)
rNeg    + . .        d - +0 ring mail
rPois   inf          (no helmet)
rElec   +            (no cloak)
rCorr   .            (no gloves)
SInv    .            (no boots)
Will    .....        b - amulet of reflection Stlth
                     o - ring of protection from cold
HPRegen 0.28/turn    e - +4 ring of slaying {mikee}
MPRegen 0.11/turn

%: reflection
@: confused
A: sickness immunity, AC +5, negative energy resistance 1, electricity
resistance, torment resistance 1, petrification resistance
a: no special abilities


You were on level 7 of the Dungeon.
You visited 1 branch of the dungeon, and saw 7 of its levels.

You collected 275 gold pieces.


Innate Abilities, Weirdness & Mutations

You are immune to sickness and miasma.
Your stone body is resilient. (AC +5)
You are immune to poison.
You resist negative energy. (rN+)
You are resistant to electric shocks. (rElec)
You are resistant to unholy torment.
You are immune to petrification.


   Skills:
 + Level 4.6 Fighting
 - Level 8.0 Ranged Weapons
 - Level 1.0 Armour
 - Level 1.5 Dodging
 - Level 1.0 Spellcasting
 - Level 2.6 Hexes


You had 8 spell levels left.
You knew the following spells:

 Your Spells              Type           Power      Damage    Failure   Level
a - Slow                  Hex            32%        N/A       21%         1

Your spell library contained the following spells:

 Spells                   Type           Power      Damage    Failure   Level
 Inner Flame              Hex/Fire       4%         N/A       71%         3
 Portal Projectile        Hex/Tloc       8%         N/A       71%         3
 Cause Fear               Hex            4%         N/A       89%         4

Inventory:

Hand Weapons
 m - a +3 heavy sling (weapon)
Armour
 d - a +0 ring mail (worn)
Jewellery
 b - an amulet of reflection (around neck)
 e - a +4 ring of slaying (right hand) {mikee}
 o - a ring of protection from cold (left hand)
 r - a +6 ring of strength
Scrolls
 a - a scroll of identify
Potions
 c - a potion of might
 g - 3 potions of enlightenment
 i - a potion of attraction {unknown}
 j - a potion of degeneration {unknown}
 k - a potion of cancellation {unknown}
 l - a potion of ambrosia {unknown}

Dungeon Overview and Level Annotations

Branches:
Dungeon (8/15)
 Temple: D:4-7         Lair: D:8-11

Altars:
Fedhas
Yredelemnul

Shops:
D:7 (


Message History

The orc wizard hits you but does no damage.
The orc priest looks satisfied for a moment.
The orc wizard casts a spell at you. You resist with some effort.
The orc hits you but does no damage.
You hear some strange, mumbled words.
You are more confused.
The orc priest barely misses you.
The orc wizard hits you but does no damage.
You hear some strange, mumbled words.
Something tries to affect you, but you resist.
The orc closely misses you. The orc priest closely misses you.
The orc wizard closely misses you. Something hits you but does no damage.
The orc hits you but does no damage.
The orc priest hits you but does no damage.
The orc wizard gestures at you while chanting.
You resist with some effort. Something hits you.
The orc priest hits you with a +0 falchion.
The orc barely misses you. The orc wizard closely misses you.
Something hits you. The orc completely misses you.
The orc priest hits you with a +0 falchion.
The orc wizard barely misses you.
You hear some strange, mumbled words.
A puff of flame appears from out of thin air!
The puff of flame misses you.
The puff of flame hits the orc.
The orc priest hits you with a +0 falchion.
The orc barely misses you.
The orc wizard hits you with a +0 dagger.
You hear some strange, mumbled words.
A puff of flame appears from out of thin air!
The puff of flame misses you.
The puff of flame misses the orc.
The orc completely misses you. The orc priest closely misses you.
The orc wizard hits you with a +0 dagger.
Something hits you but does no damage. The orc barely misses you.
The orc priest hits you with a +0 falchion.
The orc wizard hits you with a +0 dagger.
Something hits you but does no damage. The orc hits you but does no damage.
The orc priest mumbles some strange prayers to Beogh against you.
Beogh smites you!
You die...

######
.....
#....
#.<.#
#...#
#.\.#
##?.o#
#.o@.#
#.{o.#
#...##
##.##
#. #.
##


You could see an orc priest, an orc wizard and an orc.

Vanquished Creatures
  Grinder (D:5)
  2 phantoms (D:5)
  A scorpion (D:4)
  A water moccasin zombie (D:5)
  2 water moccasin skeletons (D:5)
  2 hounds (D:5)
  2 orc priests (D:5)
  A jelly (D:4)
  Ijyb (D:3)
  Natasha (D:3)
  2 adders
  2 ufetubi (D:5)
  2 adder zombies (D:5)
  A worm (D:3)
  5 dart slugs
  7 orcs
  7 ball pythons
  12 endoplasms
  4 giant cockroaches
  9 goblins
  7 hobgoblins
  3 jackals (D:1)
  9 kobolds
  3 quokkas
  8 bats
  2 frilled lizards (D:3)
97 creatures vanquished.

Notes
Turn   | Place    | Note
-------+----------+-------------------------------------------
     0 | D:1      | qw the Gargoyle Hexslinger began the quest for the Orb.
     0 | D:1      | Reached XP level 1. HP: 12/12 MP: 2/2
     0 | D:1      | 0 ||| qw: Version: 0.3-a-51-g015441d
     0 | D:1      | 0 ||| qw: Game counter: 4192
     0 | D:1      | 0 ||| qw: Melee chars always use a shield: true
     0 | D:1      | 0 ||| qw: God list: Okawaru
     0 | D:1      | 0 ||| qw: Allow faded altars: false
     0 | D:1      | 0 ||| qw: Do Orc after clearing Dungeon:15 true
     0 | D:1      | 0 ||| qw: Do second Lair branch before Depths: true
     0 | D:1      | 0 ||| qw: Lair rune preference: random
     0 | D:1      | 0 ||| qw: Goals: Normal
     0 | D:1      | 0 ||| PLANNING D:1-11
    75 | D:1      | Reached XP level 2. HP: 16/16 MP: 3/3
   290 | D:1      | Reached skill level 3 in Ranged Weapons
   399 | D:1      | Reached XP level 3. HP: 21/21 MP: 4/4
   765 | D:1      | 765 ||| UPGRADING to +0 ring mail.
   775 | D:1      | 775 ||| DROPPING +0 robe.
   776 | D:1      | 776 ||| UPGRADING to ring of positive energy.
   777 | D:1      | 777 ||| READING 4 scrolls labelled KIGHASTRISTRA.
   778 | D:1      | 778 ||| READING scroll labelled ZOTZECEGAHO.
   779 | D:1      | 779 ||| READING scroll labelled OFE RUPHILUWKUVECW.
   780 | D:1      | 780 ||| READING 3 scrolls of identify.
   780 | D:1      | 780 ||| IDENTIFYING murky green potion
   781 | D:1      | 781 ||| READING 2 scrolls of identify.
   781 | D:1      | 781 ||| IDENTIFYING metallic yellow potion
   782 | D:1      | 782 ||| DROPPING scroll of poison.
   913 | D:2      | 913 ||| UPGRADING to amulet of reflection.
  1162 | D:2      | Reached XP level 4. HP: 26/26 MP: 5/5
  1316 | D:2      | 1316 ||| READING scroll of brand weapon.
  1316 | D:2      | 1316 ||| BRANDING +2 sling of draining.
  1417 | D:2      | 1417 ||| UPGRADING to +4 ring of slaying {mikee}.
  1418 | D:2      | 1418 ||| READING scroll labelled CIUSTRE DOXOHID.
  1419 | D:2      | 1419 ||| READING scroll labelled KICUOX SUFIETI.
  1458 | D:3      | 1458 ||| STAIRDANCE
  1461 | D:2      | Reached skill level 4 in Ranged Weapons
  1543 | D:3      | Reached skill level 1 in Armour
  1550 | D:3      | Noticed Ijyb
  1561 | D:3      | Killed Ijyb
  1846 | D:3      | Noticed Natasha
  1849 | D:3      | Killed Natasha
  1850 | D:3      | Reached XP level 5. HP: 26/30 MP: 6/6
  1870 | D:3      | Found a basalt altar of Yredelemnul.
  1871 | D:3      | Found a blossoming altar of Fedhas.
  1933 | D:3      | 1933 ||| READING scroll labelled EFREROA TUGOA.
  1938 | D:3      | 1938 ||| READING scroll labelled ISCHEL GI URIU.
  1939 | D:3      | 1939 ||| READING scroll labelled HIUTUH IMASO.
  1940 | D:3      | 1940 ||| DRINKING 2 silvery potions.
  1941 | D:3      | 1941 ||| DROPPING potion of brilliance.
  2086 | D:4      | Reached skill level 5 in Ranged Weapons
  2203 | D:4      | Reached skill level 3 in Fighting
  2392 | D:4      | Reached XP level 6. HP: 37/37 MP: 7/7
  2522 | D:4      | 2522 ||| READING scroll labelled NIWIECR GIXU.
  2536 | D:5      | Entered Level 5 of the Dungeon
  2543 | D:5      | 2543 ||| STAIRDANCE
  2578 | D:5      | 2578 ||| STAIRDANCE
  2598 | D:5      | 2598 ||| STAIRDANCE
  2648 | D:5      | Reached skill level 6 in Ranged Weapons
  2972 | D:5      | Reached XP level 7. HP: 42/42 MP: 8/8
  3040 | D:5      | HP: 10/44 [orc/+0 hand axe (2)]
  3041 | D:5      | 3041 ||| READING scroll of teleportation.
  3042 | D:5      | 3042 ||| DRINKING 2 potions of heal wounds.
  3043 | D:5      | 3043 ||| DRINKING potion of heal wounds.
  3150 | D:5      | 3150 ||| READING scroll of enchant weapon.
  3150 | D:5      | 3150 ||| ENCHANTING +2 heavy sling.
  3162 | D:5      | Noticed Grinder
  3169 | D:5      | Reached skill level 7 in Ranged Weapons
  3169 | D:5      | HP: 9/44 [orc/+0 hand axe (3)]
  3176 | D:5      | HP: 5/44 [Grinder/nerve-wracking pain (3)]
  3178 | D:5      | Killed Grinder
  3179 | D:5      | Reached XP level 8. HP: 6/48 MP: 9/9
  3369 | D:5      | Reached skill level 8 in Ranged Weapons
  3375 | D:5      | You fall into a shaft and drop 3 floors!
  3379 | D:8      | 3379 ||| DROPPING scarf of shadows.
  3380 | D:8      | 3380 ||| DROPPING amulet of guardian spirit.
  3381 | D:8      | 3381 ||| UPGRADING to +6 ring of strength.
  3383 | D:8      | 3383 ||| UPGRADING to ring of protection from cold.
  3385 | D:8      | 3385 ||| DROPPING ring of positive energy.
  3386 | D:8      | 3386 ||| READING 3 scrolls labelled KESOGG DITHRIC.
  3487 | D:8      | 3487 ||| DRINKING 2 glowing orange potions.
  3593 | D:8      | 3593 ||| READING 2 scrolls of identify.
  3593 | D:8      | 3593 ||| IDENTIFYING fuming purple potion
  3594 | D:8      | 3594 ||| DROPPING potion of berserk rage.
  3595 | D:8      | 3595 ||| DROPPING 2 scrolls of silence.
  3600 | D:7      | Found Uthyiz's Antique Weapon Emporium.
  3614 | D:7      | Killed from afar by an orc priest

Levels and vault maps discovered:
D:1:      heliophobic_arrival_enchanted_forest, layout_basic
D:2:      layout_loops_ring, kennysheep_decorative_pillar, kennysheep_donut,
          dk_vineyard_3, minmay_tiny_reverse_x
D:3:      layout_rooms, nicolae_overflow_squiral, uniq_natasha, uniq_ijyb
D:4:      layout_loops_ring, minmay_misc_feat_room
D:5:      layout_layer_cave, mainiacjoe_overflow_alcove_4,
          minmay_temple_entry_trees, serial_undead, serial_undead_a,
          serial_undead_f, serial_undead_e, serial_undead_c, uniq_grinder
D:7:      layout_loops_ring, mainiacjoe_overflow_paths, serial_shops,
          nicolae_stop_n_shop_2, nicolae_shop_self_help
D:8:      layout_basic, erik_lair_orcish_takeover

Skill      XL: |  1  2  3  4  5  6  7  8 |
---------------+-------------------------+-----
Ranged Weapons | 3 4 5 6 7 8 |  8.0
Fighting       | 2 3 4 |  4.6
Armour         | 1 |  1.0
Dodging        | |  1.5
Spellcasting   | |  1.0
Hexes          | |  2.6

Action                     |  1- 3 |  4- 6 |  7- 9 || total
---------------------------+-------+-------+-------++-------
   Fire: Sling             |   104 |   112 |    42 ||   258
    Use: Scroll            |     5 |     7 |     4 ||    16
         Potion            |       |     1 |     3 ||     4
 Armour: Robe              |    17 |       |       ||    17
         Ring mail         |     7 |    39 |    39 ||    85
  Dodge: Dodged            |    29 |    40 |    53 ||   122
  Block: Other             |     2 |     8 |    18 ||    28
         Reflection        |       |     1 |       ||     1

Table legend:
 A = Non-vault XP
 B = Vault XP
 C = Vault XP percentage of total XP
 D = Non-vault monster count
 E = Vault monster count
 F = Vault count percentage of total count
                 A         B        C        D         E       F
            +---------+---------+-------+---------+---------+-------
      Total |     703 |     586 |  45.5 |      87 |      10 |  10.3
            +---------+---------+-------+---------+---------+-------
        D:1 |      49 |       0 |   0.0 |      27 |       0 |   0.0
        D:2 |      32 |       6 |  15.8 |      12 |       2 |  14.3
        D:3 |      38 |      71 |  65.1 |      17 |       2 |  10.5
        D:4 |     172 |       0 |   0.0 |      19 |       0 |   0.0
        D:5 |     412 |     509 |  55.3 |      12 |       6 |  33.3
            +---------+---------+-------+---------+---------+-------
